 Dungeon Crawl Stone Soup version 0.22.1-1-ga44c0e56f4 (webtiles) character file.

315 Revguard the Magician (level 6, 0/43 HPs)
             Began as a Demonspawn Wanderer on Oct 22, 2018.
             Slain by an ogre
             ... wielding a +0 giant spiked club
              (17 damage)
             ... on level 4 of the Dungeon.
             The game lasted 00:31:15 (2842 turns).

Revguard the Magician (Demonspawn Wanderer)         Turns: 2842, Time: 00:31:15

Health: 0/43       AC:  4    Str: 13    XL:     6   Next: 20%
Magic:  2/12       EV: 11    Int: 15    God:
Gold:   263        SH:  0    Dex: 12    Spells: 8/13 levels left

rFire    . . .     SeeInvis .   i - +0 trident
rCold    . . .     Gourm    .   (no shield)
rNeg     . . .     Faith    .   a - +0 leather armour
rPois    .         Spirit   .   (no helmet)
rElec    .         Reflect  .   s - scarf {repulsion}
rCorr    .         Harm     .   h - +0 pair of gloves
MR       .....                  (no boots)
Stlth    +++.......             (no amulet)
HPRegen  0.14/turn              m - ring of wizardry
MPRegen  0.13/turn              (no ring)

@: lethally poisoned (0 -> -8), repel missiles
A: nightstalker 2, spiny 1
a: no special abilities


You were on level 4 of the Dungeon.
You were hungry.

You visited 1 branch of the dungeon, and saw 4 of its levels.

You collected 263 gold pieces.

Inventory:

Hand Weapons
 b - a +0 spear
 c - a +0 club
 i - a +0 trident (weapon)
Armour
 a - a +0 leather armour (worn)
 h - a +0 pair of gloves (worn)
 s - a scarf of repulsion (worn)
Jewellery
 m - a ring of wizardry (left hand)
Scrolls
 f - 2 scrolls of enchant weapon {unknown}
 j - 2 scrolls of remove curse {unknown}
 l - 7 scrolls of identify {unknown}
 o - 2 scrolls of immolation {unknown}
 p - a scroll of blinking {unknown}
 q - a scroll of enchant armour {unknown}
Potions
 e - a potion of brilliance {unknown}
 g - 2 potions of curing
 k - 2 potions of mutation {unknown}
 n - a potion of agility {unknown}
 r - a potion of degeneration {unknown}
Comestibles
 d - 7 rations


   Skills:
 + Level 1.1 Fighting
 - Level 1.0 Maces & Flails
 * Level 1.2 Polearms
 + Level 1.3 Armour
 * Level 1.4 Dodging
   Level 1.0 Shields
 + Level 4.1 Spellcasting
 * Level 2.2 Conjurations
 * Level 3.0 Hexes
 * Level 2.7 Summonings
   Level 1.0 Evocations


You had 8 spell levels left.
You knew the following spells:

 Your Spells              Type           Power        Failure   Level  Hunger
a - Magic Dart            Conj           #...         3%          1    None
b - Slow                  Hex            ##......     4%          2    ##.....
c - Call Imp              Summ           ##......     4%          2    ##.....

Your spell library contained the following spells:

 Spells                   Type           Power        Failure   Level  Hunger
 Blink                    Tloc           N/A          14%         2    ##.....
 Conjure Flame            Conj/Fire      #.......     17%         3    ###....
 Mephitic Cloud           Conj/Pois/Air  #.......     21%         3    ###....


Dungeon Overview and Level Annotations

Branches:
Dungeon (4/15)
 Temple: D:4-7

Altars:
Beogh


Innate Abilities, Weirdness & Mutations

You are significantly more attuned to the shadows.
You are partially covered in sharp spines.


Message History

The worker ant misses your crimson imp. The orc is struck by your spines.
You kill the orc!
Your crimson imp blinks!
Attack whom?
Press: ? - help, Dir - move target cursor, f - orc
Aim: an orc (severely wounded)
You reach to attack!
You closely miss the orc.
The orc is severely wounded.
Your crimson imp blinks!
The orc is struck by your spines.
You kill the orc!
The worker ant bites you. The worker ant closely misses you.
Your crimson imp disappears in a puff of smoke!
There is a stone staircase leading up here.
The worker ant is struck by your spines.
The worker ant bites you.
You are poisoned.
The worker ant poisons you! The ogre is struck by your spines.
The ogre hits you with a giant spiked club!
You die...

# #.. #...# # #.. #...#
# #.######...#
####.##.......########
..##.##.#.....##.(...##
..............>...†...##
#....#.................#
...#...........O.......#
......#........a@......#
.##....................#
.....#.................#
. #................#
......†.........##
.....))........##
#...........#.(.#
##.....#.#..###...
...###..$#...# ##.


You could see an ogre and a worker ant.

Vanquished Creatures
  2 orc priests
  A hound (D:4)
  An orc wizard (D:3)
  3 adders (D:3)
  An ooze (D:1)
  A worm (D:2)
  3 dart slugs
  2 leopard geckos
  9 orcs
  5 bats
  2 giant cockroaches (D:1)
  2 goblins (D:1)
  9 hobgoblins
  A jackal (D:3)
  A quokka (D:4)
  3 frilled lizards
  5 kobolds
  2 rats
53 creatures vanquished.

Vanquished Creatures (collateral kills)
  A scorpion (D:4)
  An orc priest (D:3)
  A bullfrog skeleton (D:4)
  An orc wizard (D:3)
  An adder (D:3)
  A worm (D:3)
  3 orcs (D:3)
  A ball python (D:3)
  A giant cockroach (D:3)
  A goblin (D:3)
  4 hobgoblins (D:3)
  4 jackals (D:3)
  2 quokkas (D:2)
  2 bats (D:2)
  3 frilled lizards (D:3)
  3 kobolds
  A rat (D:3)
31 creatures vanquished.

Grand Total: 84 creatures vanquished

Notes
Turn   | Place    | Note
-------+----------+-------------------------------------------
     0 | D:1      | Revguard the Demonspawn Wanderer began the quest for the
                  | Orb.
     0 | D:1      | Revguard set off with: a +0 ring mail, a +0 club, a ration
     0 | D:1      | Reached XP level 1. HP: 15/15 MP: 4/4
     2 | D:1      | Learned a level 1 spell: Magic Dart
    90 | D:1      | Gained mutation: You are partially covered in sharp spines.
                  | [demonic ancestry]
    90 | D:1      | Reached XP level 2. HP: 12/21 MP: 3/6
   171 | D:1      | Reached skill level 1 in Conjurations
   225 | D:1      | Learned a level 2 spell: Slow
   849 | D:1      | Reached XP level 3. HP: 26/26 MP: 3/7
  1091 | D:2      | Learned a level 2 spell: Call Imp
  1670 | D:3      | Reached XP level 4. HP: 17/32 MP: 1/9
  1954 | D:3      | Reached skill level 1 in Summonings
  2415 | D:3      | Reached skill level 1 in Dodging
  2415 | D:3      | Gained mutation: You are slightly more attuned to the
                  | shadows. [demonic ancestry]
  2415 | D:3      | Reached XP level 5. HP: 30/37 MP: 1/10
  2490 | D:3      | Found a roughly hewn altar of Beogh.
  2516 | D:3      | Reached skill level 1 in Polearms
  2634 | D:3      | Reached skill level 4 in Spellcasting
  2768 | D:4      | Gained mutation: You are significantly more attuned to the
                  | shadows. [demonic ancestry]
  2768 | D:4      | Reached XP level 6. HP: 35/43 MP: 2/12
  2842 | D:4      | Slain by an ogre

Skill      XL: |  1  2  3  4  5  6 |
---------------+-------------------+-----
Conjurations   | 1 2 |  2.2
Summonings     | 2 |  2.7
Dodging        | 1 |  1.4
Polearms       | 1 |  1.2
Spellcasting   | 4 |  4.1
Hexes          | 3 |  3.0
Fighting       | |  1.1
Maces & Flails | |  1.0
Armour         | |  1.3
Shields        | |  1.0
Evocations     | |  1.0

Action                   |  1- 3 |  4- 6 || total
-------------------------+-------+-------++-------
Melee: Club              |    14 |       ||    14
       Spear             |    81 |    58 ||   139
       Trident           |       |    13 ||    13
 Cast: Magic Dart        |    32 |    14 ||    46
       Slow              |     7 |     1 ||     8
       Call Imp          |    13 |    33 ||    46
  Use: Potion            |       |     4 ||     4
 Stab: Distracted        |       |     1 ||     1
  Eat: Chunk             |     1 |     4 ||     5
       Ration            |     1 |       ||     1
Armor: Ring mail         |     4 |       ||     4
       Leather armour    |    20 |    19 ||    39
Dodge: Dodged            |    48 |    37 ||    85
